 Dungeon Crawl Stone Soup version 0.23-b1-58-ge3fafae (webtiles) character file.

Game seed: 14207333244664956718

403 doot the Caller (level 6, -2/34 HPs)
             Began as a Tengu Summoner on Feb 5, 2019.
             Was an Initiate of Ashenzari.
             Slain by Duvessa
             ... wielding a +0 short sword
              (11 damage)
             ... on level 5 of the Dungeon.
             The game lasted 00:11:32 (2427 turns).

doot the Caller (Tengu Summoner)                    Turns: 2427, Time: 00:11:32

Health: -2/34      AC:  5    Str:  9    XL:     6   Next: 86%
Magic:  2/13       EV: 15    Int: 17    God:    Ashenzari [......]
Gold:   72         SH:  0    Dex: 14    Spells: 3/13 levels left

rFire    . . .     SeeInvis .   e - +0 glaive
rCold    . . .     Gourm    .   (shield currently unavailable)
rNeg     . . .     Faith    .   f - +1 robe {MR+}
rPois    .         Spirit   .   (helmet restricted)
rElec    .         Reflect  .   n - +0 cloak
rCorr    .         Harm     .   o - +0 pair of gloves
MR       +....                  (boots unavailable)
Stlth    ++........             (no amulet)
HPRegen  0.11/turn              p - ring of wizardry
MPRegen  0.13/turn              (no ring)

@: flying quickly and evasively, starving, quick
A: beak, talons 3, able to fly
a: Stop Flying, Curse Item, Renounce Religion


You were on level 5 of the Dungeon.
You worshipped Ashenzari.
Ashenzari was noncommittal.
You were starving.

You visited 2 branches of the dungeon, and saw 7 of its levels.
You also visited: Sewer.

You collected 72 gold pieces.

Inventory:

Hand Weapons
 b - a +0 dagger
 d - a +0 spear
 e - a +0 glaive (weapon)
Armour
 a - a +0 robe
 f - a +1 robe of magic resistance (worn)
 n - a +0 cloak (worn)
 o - a +0 pair of gloves (worn)
Jewellery
 p - a ring of wizardry (left hand)
Scrolls
 g - a scroll of remove curse
 h - 4 scrolls of identify {unknown}
 i - 2 scrolls of blinking {unknown}
 j - 2 scrolls of enchant armour {unknown}
 q - a scroll of fog {unknown}
 s - a scroll of random uselessness {unknown}
Potions
 k - 3 potions of curing
 l - a potion of heal wounds {unknown}
 m - 2 potions of flight {unknown}
 r - a potion of invisibility {unknown}
Comestibles
 c - 6 rations


   Skills:
 + Level 1.1 Fighting
 + Level 2.3 Polearms
 + Level 2.6 Dodging
 + Level 2.9 Stealth
 + Level 4.0 Spellcasting
 + Level 6.8 Summonings


You had 3 spell levels left.
You knew the following spells:

 Your Spells              Type           Power        Failure   Level  Hunger
a - Summon Small Mammal   Summ           ####         1%          1    None
b - Call Imp              Summ           ####....     1%          2    ##.....
c - Call Canine Familiar  Summ           ####....     1%          3    ###....
d - Summon Lightning Spi  Summ/Air       ###.....     16%         4    ####...

Your spell library contained the following spells:

 Spells                   Type           Power        Failure   Level  Hunger
 Summon Guardian Golem    Hex/Summ       ###.....     4%          3    ###....
 Beastly Appendage        Tmut           #.....       6%          1    None
 Corona                   Hex            #......      6%          1    None
 Slow                     Hex            #.......     10%         2    ##.....
 Sticks to Snakes         Tmut           #.......     10%         2    ##.....
 Inner Flame              Hex/Fire       #.......     19%         3    ###....
 Portal Projectile        Hex/Tloc       #.....       19%         3    ###....
 Spider Form              Tmut/Pois      #.........   19%         3    ###....
 Summon Ice Beast         Ice/Summ       ###.....     16%         4    ####...
 Cause Fear               Hex            #.........   50%         4    ####...
 Ice Form                 Ice/Tmut       #.......     50%         4    ####...
 Leda's Liquefaction      Hex/Erth       #.........   50%         4    ####...
 Blade Hands              Tmut           #.........   83%         5    ######.


Dungeon Overview and Level Annotations

Branches:
Dungeon (6/15)             Temple (1/1) D:6

Altars:
Ashenzari
Cheibriados
Dithmenos
Elyvilon
Fedhas
Gozag
Hepliaklqana
Kikubaaqudgha
Makhleb
Okawaru
Ru
Uskayaw
Vehumet
Zin
The Shining One

Shops:
D:6 !

Annotations:
D:5 Duvessa


Innate Abilities, Weirdness & Mutations

You have a beak for a mouth.
You have claws for feet.
You can fly continuously.


Message History

You slash Duvessa! You claw Duvessa, but do no damage.
Duvessa is severely wounded.
Your hound bites Duvessa.
Duvessa closely misses you.
Your hound barely misses Duvessa.
Duvessa hits you with a +0 short sword.
Your hound barely misses Duvessa.
You slash Duvessa!
Duvessa is almost dead.
You are starving!
Duvessa hits you with a +0 short sword.
Your hound bites Duvessa but does no damage.
Your lightning spire shoots out a bolt of lightning at Duvessa!
The bolt of electricity hits Duvessa!
Duvessa hits your lightning spire with a +0 short sword!
Your lightning spire is destroyed!
Your hound closely misses Duvessa.
Duvessa hits you with a +0 short sword!
* * * LOW HITPOINT WARNING * * *
You hit Duvessa but do no damage. Your kick misses Duvessa. You peck Duvessa.
Duvessa is almost dead.
Your hound barely misses Duvessa.
Duvessa hits you with a +0 short sword!
You die...

#.# #.##.# #.h .....# #e#
#.##.# #.# #.##.# #.#
#########.##.##### #.#
#..........#.....###.#
.##.....................
.......@eh.........)....
.##..........#........##
#...........#.#........
.........(...#.#.####.##
............##.#.#..#)#.
.#.#.#########.#.##.....
#.#.................... #
#[........#.#.##.....
..#.#.##...##.#.#........


You could see Duvessa (berserk) and a friendly hound.

Vanquished Creatures
  A big kobold (Sewer)
  A bullfrog (D:6)
  An orc priest (D:4)
  A worm (D:5)
  An orc (D:4)
  2 hobgoblins
  A jackal (Sewer)
  A jackal zombie (D:6)
  A kobold (Sewer)
10 creatures vanquished.

Vanquished Creatures (collateral kills)
  An orc warrior (D:6)
  A centaur (D:6)
  Blork the orc (D:5)
  Dowan (D:5)
  A centaur zombie (D:6)
  A jelly (D:6)
  An orc wizard (D:6)
  An iguana (D:3)
  3 adders
  A gnoll (D:6)
  A howler monkey skeleton (D:4)
  2 river rats
  A worm (D:2)
  A dart slug (D:1)
  A leopard gecko (D:3)
  An orc (D:4)
  A giant cockroach (D:3)
  2 goblins (D:3)
  2 hobgoblins (D:3)
  A jackal (Sewer)
  A frilled lizard (D:3)
  3 kobolds
  3 rats (Sewer)
32 creatures vanquished.

Grand Total: 42 creatures vanquished

Notes
Turn   | Place    | Note
-------+----------+-------------------------------------------
     0 | D:1      | doot the Tengu Summoner began the quest for the Orb.
     0 | D:1      | Reached XP level 1. HP: 10/10 MP: 4/4
   338 | D:3      | Reached XP level 2. HP: 15/15 MP: 4/6
   342 | D:3      | Learned a level 2 spell: Call Imp
   371 | D:3      | Reached skill level 5 in Summonings
   388 | D:3      | Reached XP level 3. HP: 18/19 MP: 2/7
   477 | D:3      | Learned a level 3 spell: Call Canine Familiar
   549 | D:4      | Reached XP level 4. HP: 23/24 MP: 3/8
   597 | D:4      | Found a glowing golden altar of the Shining One.
   626 | D:5      | Entered Level 5 of the Dungeon
   645 | D:5      | Noticed an ice beast
   823 | D:5      | Noticed Blork the orc
   824 | D:5      | Found a glowing drain.
   889 | D:5      | Killed Blork the orc
   889 | D:5      | Reached skill level 6 in Summonings
   935 | Sewer    | Entered a sewer
  1065 | Sewer    | Noticed a big kobold
  1076 | Sewer    | Gained mutation: You can fly continuously. [Tengu growth]
  1076 | Sewer    | Reached XP level 5. HP: 28/28 MP: 5/10
  1086 | Sewer    | Killed a big kobold
  1086 | Sewer    | Reached skill level 1 in Polearms
  1107 | Sewer    | Found a white marble altar of Elyvilon.
  1225 | D:5      | Noticed Duvessa
  1238 | D:6      | Found Ylui's Distillery.
  1346 | D:6      | Reached XP level 6. HP: 28/33 MP: 6/12
  1352 | D:6      | Learned a level 4 spell: Summon Lightning Spire
  1561 | D:6      | Reached skill level 1 in Fighting
  1562 | D:6      | Found a radiant altar of Vehumet.
  1752 | D:6      | Found a staircase to the Ecumenical Temple.
  1761 | Temple   | Entered the Ecumenical Temple
  1932 | Temple   | Became a worshipper of Ashenzari the Shackled
  2014 | D:6      | Found an iron altar of Okawaru.
  2066 | D:6      | Noticed an orc warrior
  2090 | D:6      | Killed an orc warrior
  2403 | D:5      | Noticed Dowan
  2409 | D:5      | Killed Dowan
  2427 | D:5      | Slain by Duvessa

Skill      XL: |  1  2  3  4  5  6 |
---------------+-------------------+-----
Summonings     | 5 6 |  6.8
Spellcasting   | 3 4 |  4.0
Polearms       | 1 2 |  2.3
Fighting       | 1 |  1.1
Dodging        | |  2.6
Stealth        | |  2.9

Action                   |  1- 3 |  4- 6 || total
-------------------------+-------+-------++-------
Melee: Spear             |    15 |     6 ||    21
       Kick              |     1 |     7 ||     8
       Peck              |     1 |     3 ||     4
       Glaive            |       |    32 ||    32
 Cast: Summon Small Mamm |    13 |     1 ||    14
       Call Imp          |     6 |    13 ||    19
       Call Canine Famil |     1 |    13 ||    14
       Summon Lightning  |       |     4 ||     4
 Abil: Fly               |       |     1 ||     1
  Use: Potion            |       |     2 ||     2
 Stab: Distracted        |       |     2 ||     2
       Sleeping          |       |     2 ||     2
  Eat: Chunk             |       |     6 ||     6
Armor: Robe              |       |     3 ||     3
Dodge: Dodged            |     4 |    31 ||    35
